 Dungeon Sprint DCSS version 0.21-a0-274-gc1afaeb (webtiles) character file.

155 potatolord6000 the Slasher (level 5, -14/43 HPs)
             Began as a Gnoll Monk on Sept 19, 2017.
             Was a Believer of Hepliaklqana.
             Demolished by an earth elemental (17 damage)
             ... summoned by a deep elf mage
             ... in the Dungeon (Sprint VII: "The Pits").
             The game lasted 00:01:53 (416 turns).

potatolord6000 the Slasher (Gnoll Monk)              Turns: 416, Time: 00:01:53

Health: -14/43     AC:  2    Str:  7    XL:     5   Next: 37%
Magic:  9/9        EV: 14    Int:  7    God:    Hepliaklqana [**....]
Gold:   0          SH:  0    Dex:  7    Spells: 4/4 levels left

rFire    . . .     SeeInvis .   j - +2 falchion
rCold    . . .     Gourm    .   (no shield)
rNeg     . . .     Faith    .   b - +0 robe
rPois    .         Spirit   .   (no helmet)
rElec    .         Reflect  .   (no cloak)
rCorr    .         Harm     .   (no gloves)
MR       .....     NoTele   +   (no boots)
Stlth    ++........             (no amulet)
HPRegen  0.14/turn              (no ring)
MPRegen  0.11/turn              (no ring)

@: berserk cooldown, very slightly contaminated, hasted and slowed
A: unchanging attributes, reduced essence, fangs 1, strong nose
a: Recall Ancestor, Ancestor Identity, Renounce Religion


You were in the Dungeon.
You worshipped Hepliaklqana.
Hepliaklqana was pleased with you.
You were very full.

You visited 1 branch

Inventory:

Hand Weapons
 j - a +2 falchion (weapon)
Armour
 b - a +0 robe (worn)
Scrolls
 k - 3 scrolls of remove curse
 l - 5 scrolls of amnesia
Potions
 a - 2 potions of invisibility
 g - 4 potions of magic
 h - 2 potions of berserk rage
Comestibles
 c - 8 bread rations
 n - 40 fruits
 o - 6 meat rations


   Skills:
 + Level 7.2 Fighting
 + Level 7.4 Long Blades
 + Level 5.9 Armour
 + Level 7.2 Dodging
 - Level 2.4 Stealth
 + Level 5.6 Invocations


You had 4 spell levels left.
You didn't know any spells.

Dungeon Overview and Level Annotations

Branches:
Dungeon (1/1)

Altars:
Ashenzari
Cheibriados
Dithmenos
Elyvilon
Fedhas
Gozag
Hepliaklqana
Kikubaaqudgha
Makhleb
Nemelex Xobeh
Okawaru
Qazlal
Ru
Sif Muna
Trog
Uskayaw
Vehumet
Wu Jian
Xom
Yredelemnul
Zin
The Shining One
Beogh
Jiyva
Lugonu


Innate Abilities, Weirdness & Mutations

Your physical attributes are unchanging.
You have very sharp teeth.
Your uncanny sense of smell can sniff out nearby items.
Your life essence is reduced to manifest your ancestor. (-10% HP)


Message History

You hit the earth elemental but do no damage.
Unknown command.
You feel much better.
Unknown command.
Unknown command.
Blink to where?
Press: ? - help, Dir - move target cursor You are very lightly contaminated with residual magic.
As you read the scroll of blinking, it crumbles to dust.
As you read the scroll of summoning, it crumbles to dust.
Wisps of shadow whirl around you...
You completely miss the deep elf mage.
The deep elf mage is lightly wounded.
The earth elemental disappears in a puff of smoke!
The deep elf mage casts a spell at you. The bolt of magma hits you!
Ouch! That really hurt!
* * * LOW HITPOINT WARNING * * *
The earth elemental hits you!
You die...

_______...###########++
##########'##...........
#.?(.')))'.##......#..#.
##########.##...........
#...........'...........
#+#####'#####......#..#.
∆∆#.....##...........
∆∆#####x#####'#####++
∆∆#.§EE@##.......#
∆∆#...e.##.......#
∆∆###'####.......# .....
#...<...#
......##.......#
........##.......#
##########.......#
#########


You could see 2 earth elementals, a deep elf mage and a friendly small
abomination.

Vanquished Creatures
  A floating eye (D)
  2 worker ants (D)
  A quokka (D)
4 creatures vanquished.

Vanquished Creatures (collateral kills)
  An orc (D)
  A bat zombie (D)
  2 hobgoblins (D)
4 creatures vanquished.

Vanquished Creatures (others)
  A Tzitzimitl (D)
  A daeva (D)
  A deep elf demonologist (D)
  A death ooze (D)
  A death drake (D)
  A knight (D)
6 creatures vanquished.

Grand Total: 14 creatures vanquished

Notes
Turn   | Place    | Note
-------+----------+-------------------------------------------
     0 | D        | potatolord6000 the Gnoll Monk began the quest for the Orb.
     0 | D        | Reached XP level 1. HP: 19/19 MP: 1/1
     5 | D        | Killed a deep elf demonologist
    16 | D        | Reached skill level 1 in Armour
    47 | D        | Found a bloodstained altar of Trog.
    47 | D        | Found a deep blue altar of Sif Muna.
    47 | D        | Found a viscous altar of Jiyva.
    47 | D        | Found a hazy altar of Hepliaklqana.
    47 | D        | Found an opulent altar of Gozag.
    48 | D        | Found a glowing golden altar of the Shining One.
    48 | D        | Found a glowing silver altar of Zin.
    48 | D        | Found a basalt altar of Yredelemnul.
    48 | D        | Found a shimmering altar of Xom.
    48 | D        | Found an ornate altar of the Wu Jian Council.
    48 | D        | Found a sacrificial altar of Ru.
    48 | D        | Found a stormy altar of Qazlal.
    48 | D        | Found an iron altar of Okawaru.
    48 | D        | Found a sparkling altar of Nemelex Xobeh.
    48 | D        | Found a burning altar of Makhleb.
    48 | D        | Found a blossoming altar of Fedhas.
    48 | D        | Found a white marble altar of Elyvilon.
    48 | D        | Found a shadowy altar of Dithmenos.
    48 | D        | Found a snail-covered altar of Cheibriados.
    51 | D        | Found a corrupted altar of Lugonu.
    51 | D        | Found a radiant altar of Vehumet.
    51 | D        | Found a roughly hewn altar of Beogh.
    52 | D        | Found an ancient bone altar of Kikubaaqudgha.
    52 | D        | Found a hide-covered altar of Uskayaw.
    52 | D        | Found a shattered altar of Ashenzari.
    54 | D        | Became a worshipper of Hepliaklqana the Forgotten
    54 | D        | Reached * piety under Hepliaklqana
    54 | D        | Reached ** piety under Hepliaklqana
    55 | D        | Remembered your ancestor Ku-aya as a knight
   168 | D        | Noticed a floating eye
   169 | D        | Noticed a worker ant
   172 | D        | Paralysed by a floating eye for 3 turns
   176 | D        | Killed a floating eye
   176 | D        | Reached skill level 5 in Armour
   176 | D        | Reached XP level 2. HP: 9/26 MP: 1/5
   176 | D        | Reached XP level 3. HP: 11/31 MP: 1/6
   176 | D        | Reached XP level 4. HP: 13/36 MP: 1/7
   184 | D        | Reached skill level 5 in Invocations
   184 | D        | Reached XP level 5. HP: 19/42 MP: 1/8
   204 | D        | Killed a death drake
   206 | D        | Killed a Tzitzimitl
   231 | D        | Killed a death ooze
   305 | D        | Killed a daeva
   363 | D        | Noticed a deep elf mage
   416 | D        | Demolished by an earth elemental

Vault maps used:
D:        pitsprint

Skill      XL: |  1  2  3  4  5 |
---------------+----------------+-----
Armour         | 5 |  5.9
Fighting       | 6 7 |  7.2
Long Blades    | 6 7 |  7.4
Dodging        | 6 7 |  7.2
Invocations    | 4 5 |  5.6
Stealth        | |  2.4

Action                   |  1- 3 |  4- 6 || total
-------------------------+-------+-------++-------
Melee: Falchion          |     7 |    16 ||    23
Invok: Ancestor Life: Kn |     1 |       ||     1
  Use: Potion            |       |     4 ||     4
       Scroll            |       |     2 ||     2
  Eat: Meat ration       |     1 |       ||     1
Armor: Robe              |       |     1 ||     1
Dodge: Dodged            |     2 |    11 ||    13
       Rpst.: Falchion   |     1 |     4 ||     5

Table legend:
 A = Spawn XP
 B = Non-spawn XP
 C = Spawn XP percentage of total XP
 D = Spawn monster count
 E = Non-spawn monster count
 F = Spawn count percentage of total count
 G = Total turns spent on level
                    A         B        C        D         E        F      G
               +---------+---------+-------+---------+---------+-------+---------
         Total |       0 |     222 |   0.0 |       0 |       8 |   0.0 |   416
               +---------+---------+-------+---------+---------+-------+---------
             D |       0 |     222 |   0.0 |       0 |       8 |   0.0 |   416
               +---------+---------+-------+---------+---------+-------+---------
